 Dungeon Crawl Stone Soup version 0.29-a0-362-g5854e031c7 (webtiles) character file.

Game seed: 6351630631027449741

89 B33wulf the Skirmisher (level 4, -8/41 HPs)
             Began as a Minotaur Fighter on Apr 29, 2022.
             Mangled by a gnoll
             ... wielding a +0 halberd
              (9 damage)
             ... on level 3 of the Dungeon.
             The game lasted 00:06:11 (2020 turns).

B33wulf the Skirmisher (Minotaur Fighter)           Turns: 2020, Time: 00:06:12

Health: -8/41      AC:  9    Str: 23    XL:     4   Next: 31%
Magic:  3/3        EV:  9    Int:  5    God:
Gold:   94         SH:  4    Dex:  9    Spells: 3/3 levels left

rFire   + . .      SeeInvis .   n - +0 whip
rCold   . . .      Faith    .   c - +0 buckler
rNeg    . . .      Spirit   .   h - +1 scale mail {rF+}
rPois   .          Reflect  .   (helmet restricted)
rElec   .          Harm     .   (no cloak)
rCorr   .          Rampage  .   (no gloves)
Will    .....                   i - +0 pair of boots
Stlth   ..........              (no amulet)
HPRegen 0.13/turn               (no ring)
MPRegen 0.08/turn               (no ring)

@: mighty, brilliant
A: horns 2, retaliatory headbutt
a: no special abilities


You were on level 3 of the Dungeon.
You visited 1 branch of the dungeon, and saw 3 of its levels.

You collected 94 gold pieces.

Inventory:

Hand Weapons
 a - a +0 flail
 n - a +0 whip (weapon)
Missiles
 l - a throwing net (quivered)
Armour
 b - a +0 scale mail
 c - a +0 buckler (worn)
 h - a +1 scale mail of fire resistance (worn)
 i - a +0 pair of boots (worn)
Scrolls
 e - a scroll of holy word {unknown}
 j - a scroll of identify {unknown}
 k - a scroll of fear {unknown}
 m - a scroll of enchant weapon {unknown}
 o - a scroll of noise {unknown}
 p - a scroll of silence {unknown}
 q - a scroll of fog {unknown}
Potions
 d - 3 potions of might
 f - a potion of lignification {unknown}


   Skills:
 * Level 4.5 Fighting
 + Level 3.8 Maces & Flails
 + Level 4.2 Armour
 + Level 0.4 Dodging
 + Level 4.1 Shields


You had 3 spell levels left.
You didn't know any spells.
Your spell library contained the following spells:

 Spells                   Type           Power      Damage    Failure   Level
 Corpse Rot               Necr/Air       0%         N/A       95%         2
 Poisonous Vapours        Pois/Air       0%         N/A       95%         2
 Scorch                   Fire           0%         2d5       95%         2
 Inner Flame              Hex/Fire       0%         N/A       99%         3
 Cause Fear               Hex            0%         N/A       100%        4
 Flame Wave               Conj/Fire      0%         2d4       100%        4
 Summon Cactus Giant      Summ           0%         N/A       100%        6
 Discord                  Hex            0%         N/A       100%        8


Dungeon Overview and Level Annotations

Branches:
Dungeon (3/15)

Altars:
Dithmenos

Shops:
D:1 =


Innate Abilities, Weirdness & Mutations

You have a pair of horns on your head.
You reflexively headbutt those who attack you in melee.


Message History

The gnoll closely misses you. The gnoll hits you with a +0 flail.
A gnoll comes into view. It is wielding a +0 spear.
You closely miss the gnoll.
The gnoll is heavily wounded.
The gnoll shouts!
The gnoll barely misses you. The gnoll hits you with a +0 flail.
You hit the gnoll.
The gnoll is severely wounded.
The gnoll hits you with a +0 flail.
The gnoll hits you from afar with a +0 halberd.
A gnoll comes into view. It is wielding a +0 club.
The gnoll shouts!
You hit the gnoll.
The gnoll is almost dead.
The gnoll completely misses you. The gnoll hits you but does no damage.
You closely miss the gnoll.
The gnoll is almost dead.
The gnoll hits you with a +0 flail.
The gnoll hits you from afar with a +0 halberd!
* * * LOW HITPOINT WARNING * * *
You hit the gnoll but do no damage. Your headbutt misses the gnoll.
The gnoll is almost dead.
You block the gnoll's attack. The gnoll barely misses you.
A gnoll comes into view. It is wielding a +0 spear.
The gnoll shouts!
You hit the gnoll but do no damage. Your headbutt misses the gnoll.
The gnoll is almost dead.
The gnoll hits you with a +0 flail.
* * * LOW HITPOINT WARNING * * *
The gnoll closely misses you.
It was a potion of brilliance.
You feel clever all of a sudden. The gnoll closely misses you.
A gnoll comes into view. It is wielding a +0 quarterstaff.
The gnoll hits you from afar with a +0 halberd!
* * * LOW HITPOINT WARNING * * *
You feel very mighty all of a sudden. You block the gnoll's attack.
The gnoll hits you from afar with a +0 halberd!
You die... ..#.# #.#g ##.#g ... .gg

# #g# ####.
#g#
......#@###
#.....#
#.###.# #.
#.# #.###.#
#.....#
###.### #.#
#.. #.#


You could see 6 gnolls.

Vanquished Creatures
  An iguana (D:3)
  A gnoll (D:3)
  2 worms (D:2)
  A dart slug (D:1)
  5 orcs
  3 endoplasms
  A hobgoblin (D:2)
  7 jackals
  4 ball pythons
  3 bats
  A frilled lizard (D:2)
  5 goblins
  A kobold (D:1)
  3 rats
38 creatures vanquished.

Notes
Turn   | Place    | Note
-------+----------+-------------------------------------------
     0 | D:1      | B33wulf the Minotaur Fighter began the quest for the Orb.
     0 | D:1      | Reached XP level 1. HP: 19/19 MP: 0/0
   264 | D:1      | Found Jesaoj's Jewellery Emporium.
   328 | D:1      | Reached XP level 2. HP: 27/27 MP: 1/1
  1098 | D:2      | Found a shadowy altar of Dithmenos.
  1311 | D:2      | Reached XP level 3. HP: 33/33 MP: 2/2
  1318 | D:2      | Found a faded altar of an unknown god.
  1777 | D:3      | Reached XP level 4. HP: 24/40 MP: 3/3
  2019 | D:3      | HP: 1/41 [gnoll/+0 halberd (7)]
  2020 | D:3      | Mangled by a gnoll

Illustrated notes

Levels and vault maps discovered:
D:1:      heliophobic_arrival_henge, layout_basic, serial_shops, shop
D:2:      layout_rooms, basic_altar, basic_ecumenical_altar
D:3:      layout_loops_ring, hangedman_decor_growths, uniq_natasha

Skill      XL: |  1  2  3 |
---------------+----------+-----
Fighting       | 4 |  4.5
Maces & Flails | 3 |  3.8
Armour         | 4 |  4.2
Shields        | 4 |  4.1
Dodging        | |  0.4

Action                   |  1- 3 |  4- 6 || total
-------------------------+-------+-------++-------
Melee: Flail             |    63 |       ||    63
       Headbutt          |    11 |     4 ||    15
       Whip              |    37 |    19 ||    56
  Use: Potion            |       |     2 ||     2
Armor: Scale mail        |    44 |     4 ||    48
Dodge: Dodged            |    57 |     8 ||    65
Block: Buckler           |    26 |     5 ||    31

Table legend: (Time is in decaauts)
 A = Elapsed time spent in this place.
 B = Non-inter-level travel time spent in this place.
 C = Inter-level travel time spent in this place.
 D = Time resting spent in this place.
 E = Time spent auto-exploring this place.
 F = Levels seen in this place.
 G = Mean time per level.
                   A        B        C        D        E       F      G
               +--------+--------+--------+--------+--------+-----+--------+
         Total |   2036 |   2008 |     28 |      0 |   1516 |   3 |  678.7 |
       Dungeon |   2036 |   2008 |     28 |      0 |   1516 |   3 |  678.7 |
               +--------+--------+--------+--------+--------+-----+--------+

Top non-repeatable levels by time:
     D:1: 969 daAuts
     D:2: 569 daAuts
     D:3: 497 daAuts
